 Dungeon Crawl Stone Soup version 0.30.0-18-gf1372a6a44 (webtiles) character file.

Game seed: 12852055562647755924

98 qw the Chopper (level 4, -7/28 HPs)
             Began as a Gargoyle Fighter on May 21, 2023.
             Killed from afar by an orc wizard (9 damage)
             ... with a puff of flame
             ... on level 2 of the Dungeon.
             The game lasted 00:00:48 (1046 turns).

qw the Chopper (Gargoyle Fighter)                   Turns: 1046, Time: 00:00:48

Health: -7/28      AC: 10    Str: 21    XL:     4   Next: 69%
Magic:  4/4        EV:  9    Int:  9    God:
Gold:   12         SH:  4    Dex:  9    Spells: 3/3 levels left

rFire   . . .        Y - +0 war axe
rCold   . . .        c - +0 buckler
rNeg    + . .        b - +0 scale mail
rPois   inf          (no helmet)
rElec   +            (no cloak)
rCorr   .            (no gloves)
SInv    .            (no boots)
Will    .....        (no amulet) Stlth
                     (no ring)
HPRegen 0.24/turn    (no ring)
MPRegen 0.09/turn

%: no passive effects
@: no status effects
A: sickness immunity, AC +3, negative energy resistance 1, electricity
resistance, torment resistance 1, petrification resistance
a: no special abilities


You were on level 2 of the Dungeon.
You visited 1 branch of the dungeon, and saw 2 of its levels.

You collected 12 gold pieces.


Innate Abilities, Weirdness & Mutations

You are immune to sickness and miasma.
Your stone body is resilient. (AC +3)
You are immune to poison.
You resist negative energy. (rN+)
You are resistant to electric shocks. (rElec)
You are resistant to unholy torment.
You are immune to petrification.


   Skills:
 - Level 3.2 Fighting
 + Level 4.3 Axes
 - Level 3.2 Armour
 - Level 3.2 Shields


You had 3 spell levels left.
You didn't know any spells.
Your spell library was empty.

Inventory:

Hand Weapons
 f - a +0 club
 Y - a +0 war axe (weapon)
Armour
 b - a +0 scale mail (worn)
 c - a +0 buckler (worn)
Potions
 d - a potion of might
 e - a potion of magic {unknown}
 h - a potion of invisibility {unknown}
 j - a potion of attraction

Dungeon Overview and Level Annotations

Branches:
Dungeon (2/15)

Altars:


Message History

The adder bites you. The adder barely misses you.
You miss the adder.
The adder is heavily wounded.
The adder bites you but does no damage. The adder completely misses you.
You slash the adder!
You kill the adder!
Something hits you but does no damage.
Deactivating autopickup; reactivate with Ctrl-A.
Autopickup is now on.
You hear some strange, mumbled words.
A puff of flame appears from out of thin air!
Deactivating autopickup; reactivate with Ctrl-A.
The puff of flame hits you.
You miss something. Something hits you.
You closely miss something.
You hear some strange, mumbled words.
A puff of flame appears from out of thin air!
The puff of flame hits you.
You closely miss something. Something hits you.
Something hits you but does no damage.
You closely miss something. Something hits you but does no damage.
You miss something. Something hits you.
You hit something.
Something hits you but does no damage. x2
You miss something. Something hits you.
You miss something.
You hear some strange, mumbled words.
Something tries to affect you, but you resist.
You closely miss something. Something hits you.
You completely miss something. Something hits you.
You hear some strange, mumbled words.
A puff of flame appears from out of thin air!
The puff of flame hits you!
You die...

#.
#.#.......#...##
#.
#.##....#######
#. #.##.........#
#.#
#.##.#.#####.# ..
#>##.#.# #.
#.##.#.#
##>###.#..#.#
#...o{#).##.#
..S....###@#.##.#
....o.. ###.##.#
..S.... ..##.#
....... ###
..o.... ..#.#..
###.#g.


You could see an orc.

Vanquished Creatures
  An orc wizard (D:2)
  2 adders (D:2)
  2 orcs (D:2)
  6 endoplasms (D:1)
  3 giant cockroaches
  3 goblins
  9 hobgoblins
  3 jackals (D:1)
  3 kobolds
  3 quokkas (D:1)
  5 ball pythons
  2 bats (D:1)
  2 frilled lizards (D:1)
  4 rats
48 creatures vanquished.

Notes
Turn   | Place    | Note
-------+----------+-------------------------------------------
     0 | D:1      | qw the Gargoyle Fighter began the quest for the Orb.
     0 | D:1      | Reached XP level 1. HP: 14/14 MP: 1/1
     0 | D:1      | 0 ||| qw: Version: 0.2-a-98-g16b38d9
     0 | D:1      | 0 ||| qw: Game counter: 3
     0 | D:1      | 0 ||| qw: Always use a shield: true
     0 | D:1      | 0 ||| qw: God list: Okawaru
     0 | D:1      | 0 ||| qw: Allow faded altars: false
     0 | D:1      | 0 ||| qw: Do Orc after D:15 true
     0 | D:1      | 0 ||| qw: Do second Lair branch before Depths: true
     0 | D:1      | 0 ||| qw: Lair rune preference: random
     0 | D:1      | 0 ||| qw: Plans: Normal, Zot:1-4, God:TSO, Crypt, Tomb,
                  | Pan, Slime:5, Hells, Abyss, Win
     0 | D:1      | 0 ||| PLANNING D:1-11
    66 | D:1      | Reached skill level 2 in Axes
   113 | D:1      | Reached XP level 2. HP: 16/19 MP: 2/2
   171 | D:1      | 171 ||| Stepping ~*~*~tactically~*~*~ (stealth).
   174 | D:1      | 174 ||| Stepping ~*~*~tactically~*~*~ (stealth).
   260 | D:1      | Reached skill level 3 in Axes
   429 | D:1      | Reached XP level 3. HP: 23/23 MP: 3/3
   532 | D:1      | 532 ||| Stepping ~*~*~tactically~*~*~ (stealth).
   838 | D:1      | 838 ||| READING scroll labelled HUHEPO PIMY.
   839 | D:1      | 839 ||| READING 2 scrolls labelled PUFEINOSIDD.
   840 | D:1      | 840 ||| READING scroll labelled ESILOO HOHAWNU.
   841 | D:1      | 841 ||| DRINKING 2 coppery potions.
   842 | D:1      | 842 ||| DROPPING scroll of noise.
   908 | D:2      | 908 ||| Stepping ~*~*~tactically~*~*~ (stealth).
   996 | D:2      | 996 ||| Stepping ~*~*~tactically~*~*~ (hiding).
   997 | D:2      | 997 ||| Stepping ~*~*~tactically~*~*~ (hiding).
  1000 | D:2      | 1000 ||| Stepping ~*~*~tactically~*~*~ (hiding).
  1005 | D:2      | Reached XP level 4. HP: 28/28 MP: 4/4
  1014 | D:2      | Reached skill level 4 in Axes
  1043 | D:2      | HP: 6/28 [something (3)]
  1046 | D:2      | HP: 2/28 [something (1)]
  1046 | D:2      | Killed from afar by an orc wizard

Levels and vault maps discovered:
D:1:      lightli_arrival_boilingwater, layout_loops_ring
D:2:      layout_loops_ring, basic_altar, uniq_sigmund

Skill      XL: |  1  2  3  4 |
---------------+-------------+-----
Axes           | 2 3 4 |  4.3
Fighting       | |  3.2
Armour         | |  3.2
Shields        | |  3.2

Action                     |  1- 3 |  4- 6 || total
---------------------------+-------+-------++-------
  Melee: War axe           |   117 |    41 ||   158
    Use: Scroll            |     3 |       ||     3
         Potion            |     1 |       ||     1
 Armour: Scale mail        |    52 |    23 ||    75
  Dodge: Dodged            |    59 |    14 ||    73
  Block: Buckler           |    16 |     4 ||    20

Table legend:
 A = Non-vault XP
 B = Vault XP
 C = Vault XP percentage of total XP
 D = Non-vault monster count
 E = Vault monster count
 F = Vault count percentage of total count
                 A         B        C        D         E       F
            +---------+---------+-------+---------+---------+-------
      Total |     140 |       0 |   0.0 |      48 |       0 |   0.0
            +---------+---------+-------+---------+---------+-------
        D:1 |      59 |       0 |   0.0 |      35 |       0 |   0.0
        D:2 |      81 |       0 |   0.0 |      13 |       0 |   0.0
            +---------+---------+-------+---------+---------+-------
